| TOP OF THE 1ST |
|
Amarillo ThunderHeads batting - Pitching for Palm Beach Nationals : RHP John Kovach
|
|
Pitching: RHP John Kovach
|
|
|
Batting: SHB Tim Rogers
|
0-0: Ball 1-0: Ball 2-0: Called Strike 2-1: SINGLE (Groundball, 6MD, EV 103.8 MPH)
|
|
Batting: RHB Luis Solorzano
|
0-0: Fly out, F8 (Flyball, 8RM, EV 90.0 MPH)
|
|
Batting: RHB Bryan Wheeler
|
0-0: Swinging Strike 0-1: Ball 1-1: Called Strike 1-2: Ball 2-2: Ball 3-2: Fly out, F9 (Flyball, 9LM, EV 91.9 MPH)
|
|
Batting: RHB Salvatore Zamora
|
0-0: Swinging Strike 0-1: Ball 1-1: Foul Ball, location: 2F 1-2: SINGLE (Groundball, 56D, EV 100.6 MPH) (infield hit) Tim Rogers to second
|
|
Batting: RHB Sal Cervantes
|
0-0: Ball 1-0: Called Strike 1-1: SINGLE (Groundball, 6MD, EV 103.1 MPH) Tim Rogers to third Salvatore Zamora to second Runner from 3rd tries for Home, SAFE, throw by CF to home
|
|
Batting: SHB Zack Barton
|
0-0: Called Strike 0-1: Foul Ball, location: 2F 0-2: Foul Ball, location: 2F 0-2: Foul Ball, location: 2F 0-2: Foul Ball, location: 2F 0-2: Strikes out swinging
|
| Top of the 1st over - 1 run, 3 hits, 0 errors, 2 left on base; Amarillo 1 - Palm Beach 0 |
| BOTTOM OF THE 1ST |
|
Palm Beach Nationals batting - Pitching for Amarillo ThunderHeads : RHP Ferdi Schipper
|
|
Pitching: RHP Ferdi Schipper
|
|
|
Batting: RHB Bobby Bricker
|
0-0: Fly out, F9 (Flyball, 9S, EV 81.3 MPH)
|
|
Batting: RHB Victor Cintron
|
0-0: Ball 1-0: Called Strike 1-1: Fly out, F4 (Flyball, 34D, EV 93.8 MPH)
|
|
Batting: RHB Steve Bauman
|
0-0: Ball 1-0: Ball 2-0: Ground out U3 (Groundball, 34S, EV 72.5 MPH)
|
| Bottom of the 1st over - 0 runs, 0 hits, 0 errors, 0 left on base; Amarillo 1 - Palm Beach 0 |
| TOP OF THE 2ND |
|
Amarillo ThunderHeads batting - Pitching for Palm Beach Nationals : RHP John Kovach
|
|
Batting: RHB Jerry Foster
|
0-0: Ground out 6-3 (Groundball, 6, EV 88.1 MPH)
|
|
Batting: RHB Luis Reyna
|
0-0: Foul Ball, location: 2F 0-1: Foul Ball, location: 2F 0-2: Foul Ball, location: 2F 0-2: Foul Ball, location: 2F 0-2: Ball 1-2: Strikes out swinging
|
|
Batting: RHB Carlos Munos
|
0-0: Foul Ball, location: 2F 0-1: Foul Ball, location: 2F 0-2: Fly out, F3 (Line Drive, 3, EV 62.5 MPH)
|
| Top of the 2nd over - 0 runs, 0 hits, 0 errors, 0 left on base; Amarillo 1 - Palm Beach 0 |
| BOTTOM OF THE 2ND |
|
Palm Beach Nationals batting - Pitching for Amarillo ThunderHeads : RHP Ferdi Schipper
|
|
Batting: RHB Gabe Almazan
|
0-0: Ball 1-0: Ground out 5-3 (Groundball, 5L, EV 108.1 MPH)
|
|
Batting: RHB Lamar Thornton
|
0-0: Ball 1-0: Reached on error, E6 (Groundball, 6, EV 89.4 MPH)
|
|
Batting: RHB Chad Madsen
|
0-0: 2-RUN HOME RUN (Flyball, 7D, EV 106.3 MPH), Distance : 401 ft
|
|
Batting: RHB Antonio Vallez
|
0-0: Ball 1-0: Called Strike 1-1: Ball 2-1: Swinging Strike 2-2: Ball 3-2: Foul Ball, location: 2F 3-2: SINGLE (Groundball, 56D, EV 98.1 MPH)
|
|
Batting: RHB Scott Merritt
|
0-0: Swinging Strike 0-1: Ball 1-1: Swinging Strike 1-2: Foul Ball, location: 2F 1-2: Strikes out swinging
|
|
Batting: RHB Dave Burwell
|
0-0: Ball 1-0: Swinging Strike 1-1: Swinging Strike 1-2: Foul Ball, location: 2F 1-2: Ball 2-2: Fly out, F8 (Flyball, 89D, EV 90.0 MPH)
|
| Bottom of the 2nd over - 2 runs, 2 hits, 1 error, 1 left on base; Amarillo 1 - Palm Beach 2 |
| TOP OF THE 3RD |
|
Amarillo ThunderHeads batting - Pitching for Palm Beach Nationals : RHP John Kovach
|
|
Batting: SHB Tim Rogers
|
0-0: Ball 1-0: Foul Ball, location: 2F 1-1: Ball 2-1: DOUBLE (Line Drive, 89D, EV 98.8 MPH)
|
|
Batting: RHB Luis Solorzano
|
0-0: Ground out 4-3 (Groundball, 4, EV 95.6 MPH) Tim Rogers to third
|
|
Batting: RHB Bryan Wheeler
|
0-0: Called Strike 0-1: Ball 1-1: Ball 2-1: SINGLE (Groundball, 34D, EV 97.5 MPH) Tim Rogers scores
|
|
Batting: RHB Salvatore Zamora
|
0-0: Ball 1-0: Ball 2-0: Ball 3-0: Called Strike 3-1: Grounds into double play, 4-6-3 (Groundball, 4D, EV 108.1 MPH)
|
| Top of the 3rd over - 1 run, 2 hits, 0 errors, 0 left on base; Amarillo 2 - Palm Beach 2 |
| BOTTOM OF THE 3RD |
|
Palm Beach Nationals batting - Pitching for Amarillo ThunderHeads : RHP Ferdi Schipper
|
|
Batting: RHB Bobby Bricker
|
0-0: Ball 1-0: Ball 2-0: Fly out, F7 (Flyball, 7LM, EV 73.8 MPH)
|
|
Batting: RHB Victor Cintron
|
0-0: SINGLE (Flyball, 7LS, EV 95.0 MPH)
|
|
Batting: RHB Steve Bauman
|
0-0: Called Strike 0-1: Fly out, F8 (Flyball, 78M, EV 96.9 MPH)
|
|
Batting: RHB Gabe Almazan
|
0-0: Ball 1-0: Ball Victor Cintron steals 2nd base (no throw) 2-0: Ball Passed Ball! Victor Cintron to third 3-0: Called Strike 3-1: Swinging Strike 3-2: Base on Balls
|
|
Batting: RHB Lamar Thornton
|
0-0: Fly out, F9 (Flyball, 9D, EV 103.1 MPH)
|
| Bottom of the 3rd over - 0 runs, 1 hit, 0 errors, 2 left on base; Amarillo 2 - Palm Beach 2 |
| TOP OF THE 4TH |
|
Amarillo ThunderHeads batting - Pitching for Palm Beach Nationals : RHP John Kovach
|
|
Batting: RHB Sal Cervantes
|
0-0: Ball 1-0: Ball 2-0: Ball 3-0: Called Strike 3-1: Fly out, F7 (Flyball, 7, EV 85.0 MPH)
|
|
Batting: SHB Zack Barton
|
0-0: Called Strike 0-1: DOUBLE (Line Drive, 89D, EV 106.3 MPH)
|
|
Batting: RHB Jerry Foster
|
0-0: Ball 1-0: Called Strike Zack Barton steals 3rd base 1-1: Swinging Strike 1-2: Fly out, F9 (Flyball, 9D, EV 94.4 MPH) Runner from 3rd tags up, SCORES, throw by RF
|
|
Batting: RHB Luis Reyna
|
0-0: Ball 1-0: Foul Ball, location: 2F 1-1: Foul Ball, location: 2F 1-2: Foul Ball, location: 2F 1-2: Fly out, F4 (Flyball, 4D, EV 88.1 MPH)
|
| Top of the 4th over - 1 run, 1 hit, 0 errors, 0 left on base; Amarillo 3 - Palm Beach 2 |
| BOTTOM OF THE 4TH |
|
Palm Beach Nationals batting - Pitching for Amarillo ThunderHeads : RHP Ferdi Schipper
|
|
Batting: RHB Chad Madsen
|
0-0: Swinging Strike 0-1: Fly out, F8 (Flyball, 8RXD, EV 93.1 MPH)
|
|
Batting: RHB Antonio Vallez
|
0-0: Ball 1-0: Ball 2-0: Ball 3-0: Called Strike 3-1: Fly out, F8 (Flyball, 8RXD, EV 99.4 MPH)
|
|
Batting: RHB Scott Merritt
|
0-0: Called Strike 0-1: Swinging Strike 0-2: Strikes out swinging, 2-3 out at first.
|
| Bottom of the 4th over - 0 runs, 0 hits, 0 errors, 0 left on base; Amarillo 3 - Palm Beach 2 |
| TOP OF THE 5TH |
|
Amarillo ThunderHeads batting - Pitching for Palm Beach Nationals : RHP John Kovach
|
|
Batting: RHB Carlos Munos
|
0-0: Ball 1-0: Foul Ball, location: 2F 1-1: Ground out 6-3 (Groundball, 6, EV 87.5 MPH)
|
|
Batting: SHB Tim Rogers
|
0-0: Foul Ball, location: 2F 0-1: Called Strike 0-2: Reached on error, E6 (Groundball, 6, EV 104.4 MPH)
|
|
Batting: RHB Luis Solorzano
|
0-0: Ball 1-0: Ball 2-0: Ball 3-0: Called Strike 3-1: Base on Balls Tim Rogers to second
|
|
Batting: RHB Bryan Wheeler
|
0-0: Ball 1-0: Ball 2-0: Called Strike 2-1: Ball 3-1: Base on Balls Tim Rogers to third Luis Solorzano to second
|
|
Batting: RHB Salvatore Zamora
|
0-0: Ball 1-0: Ball 2-0: Ball 3-0: Called Strike 3-1: Foul Ball, location: 2F 3-2: Foul Ball, location: 2F 3-2: Foul Ball, location: 2F 3-2: Fly out, F5 (Popup, 5SF, EV 71.3 MPH)
|
|
Batting: RHB Sal Cervantes
|
0-0: Ground out 5-3 (Groundball, 5S, EV 86.9 MPH)
|
| Top of the 5th over - 0 runs, 0 hits, 1 error, 3 left on base; Amarillo 3 - Palm Beach 2 |
| BOTTOM OF THE 5TH |
|
Palm Beach Nationals batting - Pitching for Amarillo ThunderHeads : RHP Ferdi Schipper
|
|
Batting: RHB Dave Burwell
|
0-0: Foul Ball, location: 2F 0-1: Ball 1-1: Ground out 5-3 (Groundball, 56S, EV 63.1 MPH)
|
|
Batting: RHB Bobby Bricker
|
0-0: Ball 1-0: Ground out 5-3 (Groundball, 56, EV 85.6 MPH)
|
|
Batting: RHB Victor Cintron
|
0-0: Ball 1-0: SOLO HOME RUN (Flyball, 7LD, EV 93.1 MPH), Distance : 368 ft
|
|
Batting: RHB Steve Bauman
|
0-0: Ball 1-0: Ball 2-0: Foul Ball, location: 2F 2-1: Ball 3-1: Base on Balls
|
|
Batting: RHB Gabe Almazan
|
0-0: Called Strike 0-1: Swinging Strike 0-2: Foul Ball, location: 2F 0-2: Strikes out swinging
|
| Bottom of the 5th over - 1 run, 1 hit, 0 errors, 1 left on base; Amarillo 3 - Palm Beach 3 |
| TOP OF THE 6TH |
|
Amarillo ThunderHeads batting - Pitching for Palm Beach Nationals : RHP John Kovach
|
|
Batting: SHB Zack Barton
|
0-0: Ball 1-0: SINGLE (Groundball, 34D, EV 110.0 MPH)
|
|
Batting: RHB Jerry Foster
|
0-0: Ball 1-0: Ball 2-0: TRIPLE (Flyball, 89XD, EV 108.8 MPH) Zack Barton scores
|
|
Batting: RHB Luis Reyna
|
0-0: Called Strike 0-1: SINGLE (Groundball, 6MD, EV 95.0 MPH) Jerry Foster scores
|
|
Batting: RHB Carlos Munos
|
0-0: Ball Luis Reyna steals 2nd base 1-0: DOUBLE (Groundball, 5L, EV 111.9 MPH) Luis Reyna scores
|
|
Batting: SHB Tim Rogers
|
0-0: SINGLE (Line Drive, 4MD, EV 95.0 MPH) Carlos Munos to third
|
|
Batting: RHB Luis Solorzano
|
0-0: Called Strike 0-1: SINGLE (Flyball, 3D, EV 100.6 MPH) Carlos Munos scores Tim Rogers to second Runner from 2nd tries for 3rd, SAFE, throw by RF made to third
|
|
Batting: RHB Bryan Wheeler
|
0-0: Ball 1-0: Foul Ball, location: 2F 1-1: SINGLE (Groundball, 4MD, EV 103.1 MPH) Tim Rogers scores Luis Solorzano to second
|
|
Pitching: RHP Jelexiz Cuenca
|
|
|
Batting: RHB Salvatore Zamora
|
0-0: Ball 1-0: Ball 2-0: Called Strike 2-1: Foul Ball, location: 2F 2-2: Foul Ball, location: 2F 2-2: Ball Wild Pitch! Luis Solorzano to third Bryan Wheeler to second 3-2: Foul Ball, location: 2F Balk! Luis Solorzano scores Bryan Wheeler to third 3-2: Fly out, F9 (Flyball, 9D, EV 105.0 MPH) Runner from 3rd tags up, SCORES, no throw by RF
|
|
Batting: RHB Sal Cervantes
|
0-0: Ball 1-0: Fly out, F5 (Line Drive, 5, EV 75.6 MPH)
|
|
Batting: SHB Zack Barton
|
0-0: Ball 1-0: SINGLE (Flyball, 89S, EV 94.4 MPH)
|
|
Batting: RHB Jerry Foster
|
0-0: Ball Zack Barton steals 2nd base 1-0: Ground out 6-3 (Groundball, 6M, EV 99.4 MPH)
|
| Top of the 6th over - 7 runs, 8 hits, 0 errors, 1 left on base; Amarillo 10 - Palm Beach 3 |
| BOTTOM OF THE 6TH |
|
Palm Beach Nationals batting - Pitching for Amarillo ThunderHeads : RHP Ferdi Schipper
|
|
Batting: RHB Lamar Thornton
|
0-0: Called Strike 0-1: Ball 1-1: Foul Ball, location: 2F 1-2: Strikes out swinging
|
|
Batting: RHB Chad Madsen
|
0-0: Foul Ball, location: 2F 0-1: Ball 1-1: Swinging Strike 1-2: Ball 2-2: Ball 3-2: SOLO HOME RUN (Flyball, 78XD, EV 116.3 MPH), Distance : 444 ft
|
|
Batting: RHB Antonio Vallez
|
0-0: Called Strike 0-1: Fly out, F8 (Flyball, 8RXD, EV 95.0 MPH)
|
|
Batting: RHB Scott Merritt
|
0-0: Called Strike 0-1: Ball 1-1: Foul Ball, location: 2F 1-2: SOLO HOME RUN (Flyball, 7LD, EV 93.8 MPH), Distance : 377 ft
|
|
Batting: RHB Dave Burwell
|
0-0: Called Strike 0-1: Ball 1-1: Ball 2-1: Foul Ball, location: 2F 2-2: Fly out, F9 (Flyball, 9S, EV 76.3 MPH)
|
| Bottom of the 6th over - 2 runs, 2 hits, 0 errors, 0 left on base; Amarillo 10 - Palm Beach 5 |
| TOP OF THE 7TH |
|
Amarillo ThunderHeads batting - Pitching for Palm Beach Nationals : RHP Jelexiz Cuenca
|
|
Batting: RHB Luis Reyna
|
0-0: Ball 1-0: Foul Ball, location: 2F 1-1: Ball 2-1: SINGLE (Groundball, 34S, EV 68.8 MPH) (infield hit)
|
|
Batting: RHB Carlos Munos
|
0-0: Called Strike Luis Reyna is caught stealing 2nd base 2-4 0-1: Ball 1-1: Foul Ball, location: 2F 1-2: Ball 2-2: Ball 3-2: Ground out 5-3 (Groundball, 56S, EV 63.1 MPH)
|
|
Batting: SHB Tim Rogers
|
0-0: Foul Ball, location: 2F 0-1: Ball 1-1: Ball 2-1: Ball 3-1: Base on Balls
|
|
Batting: RHB Luis Solorzano
|
0-0: Ground out 3-1 (Groundball, 34S, EV 81.9 MPH)
|
| Top of the 7th over - 0 runs, 1 hit, 0 errors, 1 left on base; Amarillo 10 - Palm Beach 5 |
| BOTTOM OF THE 7TH |
|
Palm Beach Nationals batting - Pitching for Amarillo ThunderHeads : RHP Ferdi Schipper
|
|
Batting: RHB Bobby Bricker
|
0-0: Swinging Strike 0-1: Ball 1-1: SINGLE (Groundball, 5S, EV 68.8 MPH) (infield hit)
|
|
Batting: RHB Victor Cintron
|
0-0: Called Strike 0-1: Ball Bobby Bricker is caught stealing 2nd base 2-4 1-1: Foul Ball, location: 2F 1-2: Ball 2-2: Foul Ball, location: 2F 2-2: Ball 3-2: SINGLE (Line Drive, 3D, EV 95.0 MPH)
|
|
Pitching: RHP Bryan Bennett
|
|
|
Batting: RHB Steve Bauman
|
0-0: Called Strike 0-1: Swinging Strike 0-2: Ball Passed Ball! Victor Cintron to second 1-2: Ball 2-2: Ball 3-2: SINGLE (Line Drive, 8LS, EV 97.5 MPH) Victor Cintron to third
|
|
Batting: RHB Gabe Almazan
|
0-0: Called Strike 0-1: Foul Ball, location: 2F 0-2: Ball 1-2: Foul Ball, location: 2F 1-2: Strikes out swinging
|
|
Batting: RHB Lamar Thornton
|
0-0: Ball 1-0: Fielders Choice at 2nd, 5-4 (Groundball, 56D, EV 85.6 MPH)
|
| Bottom of the 7th over - 0 runs, 3 hits, 0 errors, 2 left on base; Amarillo 10 - Palm Beach 5 |
| TOP OF THE 8TH |
|
Amarillo ThunderHeads batting - Pitching for Palm Beach Nationals : RHP Jelexiz Cuenca
|
|
Batting: RHB Bryan Wheeler
|
0-0: Ball 1-0: Ball 2-0: Swinging Strike 2-1: SOLO HOME RUN (Flyball, 7D, EV 101.9 MPH), Distance : 405 ft
|
|
Batting: RHB Salvatore Zamora
|
0-0: Ball 1-0: Ball 2-0: Ball 3-0: Called Strike 3-1: Foul Ball, location: 2F 3-2: SOLO HOME RUN (Flyball, 8LXD, EV 116.3 MPH), Distance : 446 ft
|
|
Batting: RHB Sal Cervantes
|
0-0: Ball 1-0: Ground out U3 (Groundball, 34, EV 89.4 MPH)
|
|
Batting: SHB Zack Barton
|
0-0: Ball 1-0: Ball 2-0: Ground out 6-3 (Groundball, 6, EV 99.4 MPH)
|
|
Batting: RHB Jerry Foster
|
0-0: Ball 1-0: Called Strike 1-1: Ball 2-1: Swinging Strike 2-2: Foul Ball, location: 2F 2-2: Foul Ball, location: 2F 2-2: Ball 3-2: SOLO HOME RUN (Flyball, 7LD, EV 99.4 MPH), Distance : 375 ft
|
|
Pinch Hitting: RHB Morgan Harding
|
0-0: Swinging Strike 0-1: Ball 1-1: Ball 2-1: SINGLE (Groundball, 13, EV 90.0 MPH) (infield hit)
|
|
Pinch Hitting: SHB Alfonso Chacon
|
0-0: Called Strike 0-1: Foul Ball, location: 2F 0-2: Ball 1-2: Ball 2-2: Foul Ball, location: 2F 2-2: SINGLE (Line Drive, 4D, EV 97.5 MPH) Morgan Harding to second
|
|
Pitching: RHP Curtis DeLille
|
|
|
Batting: SHB Tim Rogers
|
0-0: Ball 1-0: Called Strike 1-1: Foul Ball, location: 2F 1-2: Fly out, F8 (Line Drive, 8LD, EV 97.5 MPH)
|
| Top of the 8th over - 3 runs, 5 hits, 0 errors, 2 left on base; Amarillo 13 - Palm Beach 5 |
| BOTTOM OF THE 8TH |
|
Palm Beach Nationals batting - Pitching for Amarillo ThunderHeads : RHP Bryan Bennett
|
|
Now at 1B: Morgan Harding
|
|
|
Now at 2B: Alfonso Chacon
|
|
|
Batting: RHB Chad Madsen
|
0-0: Called Strike 0-1: SOLO HOME RUN (Line Drive, 7LD, EV 96.9 MPH), Distance : 375 ft
|
|
Batting: RHB Antonio Vallez
|
0-0: Ball 1-0: Called Strike 1-1: Ground out 6-3 (Groundball, 6, EV 101.9 MPH)
|
|
Batting: RHB Scott Merritt
|
0-0: Ball 1-0: DOUBLE (Line Drive, 89XD, EV 101.9 MPH)
|
|
Pinch Hitting: LHB Vince McLane
|
0-0: Ball 1-0: Ball 2-0: Ball 3-0: Called Strike 3-1: Foul Ball, location: 2F 3-2: Ground out U3 (Groundball, 3L, EV 101.3 MPH) Scott Merritt to third
|
|
Batting: RHB Bobby Bricker
|
0-0: Ground out 5-3 (Groundball, 56S, EV 65.6 MPH)
|
| Bottom of the 8th over - 1 run, 2 hits, 0 errors, 1 left on base; Amarillo 13 - Palm Beach 6 |
| TOP OF THE 9TH |
|
Amarillo ThunderHeads batting - Pitching for Palm Beach Nationals : RHP Curtis DeLille
|
|
Now in CF: Vince McLane
|
|
|
Batting: RHB Luis Solorzano
|
0-0: Ball 1-0: Ball 2-0: Ball 3-0: Base on Balls
|
|
Batting: RHB Bryan Wheeler
|
0-0: Ball 1-0: Ball 2-0: Called Strike 2-1: Foul Ball, location: 2F 2-2: 2-RUN HOME RUN (Flyball, 8RXD, EV 111.3 MPH), Distance : 463 ft
|
|
Batting: RHB Salvatore Zamora
|
0-0: Ball 1-0: Foul Ball, location: 2F 1-1: Called Strike 1-2: Ball 2-2: Ball 3-2: Foul Ball, location: 2F 3-2: Foul Ball, location: 2F 3-2: SINGLE (Groundball, 56D, EV 104.4 MPH)
|
|
Batting: RHB Sal Cervantes
|
0-0: Ball 1-0: Ball 2-0: Called Strike 2-1: Foul Ball, location: 2F 2-2: Fly out, F8 (Flyball, 8LD, EV 101.9 MPH)
|
|
Batting: SHB Zack Barton
|
0-0: DOUBLE (Groundball, 3L, EV 101.3 MPH) Salvatore Zamora to third
|
|
Pinch Runner at 2nd Elias Sagrero:
|
|
|
Batting: RHB Jerry Foster
|
0-0: Called Strike 0-1: DOUBLE (Flyball, 89XD, EV 90.0 MPH) Salvatore Zamora scores Elias Sagrero scores
|
|
Pitching: RHP Jason Ewert
|
|
|
Batting: RHB Morgan Harding
|
0-0: Foul Ball, location: 2F 0-1: Ball 1-1: Ground out 6-3 (Groundball, 6, EV 80.0 MPH) Jerry Foster to third
|
|
Pinch Hitting: SHB Tyler Romo
|
Balk! Jerry Foster scores 0-0: Called Strike 0-1: Ball 1-1: Ball 2-1: Ball 3-1: Base on Balls
|
|
Pinch Hitting: RHB Ron Squires
|
0-0: Ball 1-0: Swinging Strike 1-1: Ball 2-1: Called Strike 2-2: Strikes out swinging
|
| Top of the 9th over - 5 runs, 4 hits, 0 errors, 1 left on base; Amarillo 18 - Palm Beach 6 |
| BOTTOM OF THE 9TH |
|
Palm Beach Nationals batting - Pitching for Amarillo ThunderHeads : RHP Bryan Bennett
|
|
Now at 2B: Tyler Romo
|
|
|
Now at SS: Elias Sagrero
|
|
|
Now in CF: Ron Squires
|
|
|
Batting: RHB Victor Cintron
|
0-0: Ball 1-0: Ball 2-0: Called Strike 2-1: Ball 3-1: Called Strike 3-2: Foul Ball, location: 2F 3-2: Foul Ball, location: 2F 3-2: Ground out 4-3 (Groundball, 34, EV 84.4 MPH)
|
|
Batting: RHB Steve Bauman
|
0-0: Ball 1-0: Ball 2-0: Swinging Strike 2-1: Swinging Strike 2-2: DOUBLE (Flyball, 3D, EV 98.8 MPH)
|
|
Pitching: RHP Danny Alvarez
|
|
|
Batting: RHB Gabe Almazan
|
0-0: Called Strike 0-1: Ball 1-1: Ball 2-1: Ball 3-1: Base on Balls
|
|
Batting: RHB Lamar Thornton
|
0-0: Swinging Strike 0-1: Grounds into double play, 4-6-3 (Groundball, 4, EV 85.6 MPH)
|
| Bottom of the 9th over - 0 runs, 1 hit, 0 errors, 1 left on base; Amarillo 18 - Palm Beach 6 |
|